 Dungeon Crawl Stone Soup version 0.29-a0-557-g43b9904bd1 (webtiles) character file.

Game seed: 9446604477723023197

51 zishaf the Sneak (level 3, -4/19 HPs)
             Began as a Vine Stalker Brigand on June 8, 2022.
             Slain by Sigmund
             ... wielding a +0 scythe
              (10 damage)
             ... on level 2 of the Dungeon.
             The game lasted 00:02:15 (1381 turns).

zishaf the Sneak (Vine Stalker Brigand)             Turns: 1381, Time: 00:02:15

Health: -4/19      AC:  0    Str: 13    XL:     3   Next: 81%
Magic:  0/3        EV: 13    Int: 11    God:
Gold:   70         SH:  0    Dex: 17    Spells: 2/2 levels left

rFire   . . .      SeeInvis .   (weapon currently unavailable)
rCold   . . .      Faith    .   (shield currently unavailable)
rNeg    . . .      Spirit   +   (body armour currently unavailable)
rPois   .          Reflect  .   (helmet currently unavailable)
rElec   .          Harm     .   (cloak currently unavailable)
rCorr   .          Rampage  .   (gloves currently unavailable)
Will    .....      Rage     1%  (boots currently unavailable)
Stlth   +++.......              (no amulet)
HPRegen 0.06/turn               (ring currently unavailable)
MPRegen 0.08/turn               (ring currently unavailable)

@: pig-form, invisible, very quick
A: fast, no casting, small, (fangs 2), magic shield, (antimagic bite), no potion
heal 2, berserk 1, low MP 1, evolution 1
a: no special abilities


You were on level 2 of the Dungeon.
You were a filthy swine.
You visited 1 branch of the dungeon, and saw 2 of its levels.

You collected 70 gold pieces.

Inventory:

Hand Weapons
 a - a +2 dagger (melded)
Missiles
 d - 18 poisoned darts (quivered)
 e - 3 curare-tipped darts
Armour
 b - a +0 robe (melded)
 c - a +0 cloak (melded)
Scrolls
 f - a scroll of vulnerability {unknown}
 g - a scroll of enchant armour {unknown}
 j - 2 scrolls of immolation {unknown}
 l - 4 scrolls of identify {unknown}
 o - a scroll of fog {unknown}
 p - 4 scrolls of teleportation {unknown}
 q - a scroll of torment {unknown}
 r - a scroll of poison {unknown}
Potions
 i - a potion of resistance {unknown}
 k - a potion of berserk rage {unknown}
 m - a potion of invisibility
 n - 3 potions of curing {unknown}


   Skills:
 + Level 2.4 Fighting
 + Level 2.4 Short Blades
 - Level 2.0 Throwing
 - Level 0.7 Dodging
 + Level 5.5 Stealth


You had 2 spell levels left.
You didn't know any spells.
Your spell library contained the following spells:

 Spells                   Type           Power      Damage    Failure   Level
 Gell's Gravitas          Tloc           0%         N/A       71%         3
 Lesser Beckoning         Tloc           0%         N/A       71%         3
 Teleport Other           Tloc           0%         N/A       71%         3


Dungeon Overview and Level Annotations

Branches:
Dungeon (2/15)

Altars:
Elyvilon

Shops:
D:2 (

Annotations:
D:2 Sigmund


Innate Abilities, Weirdness & Mutations

You are a filthy swine.
You move quickly.
Your equipment is almost entirely melded.
You are incapable of wielding weapons or throwing items.
You cannot cast spells.
((You have extremely sharp teeth.))
When hurt, damage is shared between your health and your magic reserves.
((Your bite disrupts and absorbs the magic of your enemies.))
Potions cannot restore your health.
You tend to lose your temper in combat.
Your magical capacity is low. (-10% MP)
You have hidden genetic potential.


Message History

You kill the ball python!
Sigmund misses you.
You see here a ball python corpse.
You hit Sigmund. Your bite misses Sigmund.
Sigmund is lightly wounded.
Sigmund hits you but does no damage.
You closely miss Sigmund. You bite Sigmund, but do no damage.
Sigmund is lightly wounded.
You barely miss Sigmund.
Sigmund is lightly wounded.
Sigmund hits you with a +0 scythe!
You closely miss Sigmund.
Sigmund is lightly wounded.
Sigmund points at you and mumbles some strange words.
The puff of flame misses you.
You hit Sigmund.
Sigmund is moderately wounded.
Sigmund closely misses you.
You hit Sigmund.
Sigmund is moderately wounded.
You hit Sigmund.
Sigmund is moderately wounded.
Sigmund completely misses you.
You hit Sigmund.
Sigmund is heavily wounded.
It was a potion of mutation.
You feel extremely strange.
You feel a little pissed off.
You feel a hidden potential growing inside you.
You feel less energetic. Sigmund hits you with a +0 scythe.
It was a potion of invisibility.
You fade into invisibility!
Sigmund zaps a wand.
You turn into a filthy swine.
Your +2 dagger melds into your body.
Your +0 cloak melds into your body.
Your +0 robe melds into your body.
You closely miss Sigmund.
Sigmund is heavily wounded.
Sigmund hits you with a +0 scythe!
Ouch! That really hurt!
You die...

#..................
#................#.
+................#.
#.....†......###.#.
##'#'###.....###...
#.#.............#.
#.#.#############.
#.#.############..
#h#...(......##.#.
#@#.###########.#.
#.#.# #.##.
#.############.##.
#...............+.
###########.##.##.
#..#.##. ##.##.#.
#.##.#.


You could see Sigmund (can't see you).

Vanquished Creatures
  An adder (D:2)
  3 worms (D:2)
  3 ball pythons
  4 giant cockroaches
  2 goblins (D:1)
  3 hobgoblins
  8 kobolds
  3 bats (D:1)
  A frilled lizard (D:2)
  5 rats
33 creatures vanquished.

Notes
Turn   | Place    | Note
-------+----------+-------------------------------------------
     0 | D:1      | zishaf the Vine Stalker Brigand began the quest for the
                  | Orb.
     0 | D:1      | Reached XP level 1. HP: 11/11 MP: 2/2
    88 | D:1      | Found a faded altar of an unknown god.
   101 | D:1      | Reached skill level 5 in Stealth
   101 | D:1      | Reached XP level 2. HP: 15/15 MP: 3/3
   798 | D:2      | Reached XP level 3. HP: 18/18 MP: 4/4
   801 | D:2      | Found Feasyg's Weapon Emporium.
   831 | D:2      | Found a white marble altar of Elyvilon.
  1365 | D:2      | Noticed Sigmund
  1379 | D:2      | Gained mutation: You tend to lose your temper in combat.
                  | [potion of mutation]
  1379 | D:2      | Gained mutation: You have hidden genetic potential. [potion
                  | of mutation]
  1379 | D:2      | Gained mutation: Your magical capacity is low. (-10% MP)
                  | [potion of mutation]
  1381 | D:2      | Slain by Sigmund

Illustrated notes

Levels and vault maps discovered:
D:1:      dpeg_arrival_pond, layout_loops_ring,
          chequers_ecumenical_altar_island, hangedman_decor_clover_reticule
D:2:      layout_basic, basic_altar, serial_shops, shop_fountains,
          interstate_on_off, uniq_sigmund

Skill      XL: |  1 |
---------------+----+-----
Throwing       | 2 |  2.0
Fighting       | 2 |  2.4
Short Blades   | 2 |  2.4
Stealth        | 5 |  5.5
Dodging        | |  0.7

Action                   || total
-------------------------++-------
Melee: Dagger            ||    75
       Bite              ||    13
       Punch             ||     1
       Unarmed           ||     1
  Use: Potion            ||     2
 Stab: Sleeping          ||    13
Armor: Robe              ||    20
Dodge: Dodged            ||    35

Table legend: (Time is in decaauts)
 A = Elapsed time spent in this place.
 B = Non-inter-level travel time spent in this place.
 C = Inter-level travel time spent in this place.
 D = Time resting spent in this place.
 E = Time spent auto-exploring this place.
 F = Levels seen in this place.
 G = Mean time per level.
                   A        B        C        D        E       F      G
               +--------+--------+--------+--------+--------+-----+--------+
         Total |   1379 |   1363 |     16 |      0 |   1108 |   2 |  689.5 |
       Dungeon |   1379 |   1363 |     16 |      0 |   1108 |   2 |  689.5 |
               +--------+--------+--------+--------+--------+-----+--------+

Top non-repeatable levels by time:
     D:1: 732 daAuts
     D:2: 647 daAuts
